WASHINGTON vs ST.LOUIS

Created - February-12-21 at 21:00

Goals
1 2 3 T
WASHINGTON 2 0 1 3
ST.LOUIS 0 0 1 1
Shots
1 2 3 T
WASHINGTON 9 15 4 28
ST.LOUIS 9 6 6 21

1st period

1. WASHINGTON , Damon Severson 3 (Victor Hedman 8, Blake Wheeler 10) at 0:51 (PP)
2. WASHINGTON , Damon Severson 4 (Brayden Schenn 8, Ryan O'Reilly 11) at 10:15 (PP)

Penalties :
Ryan Getzlaf (STL) for Hooking (Minor) at 0:23, Blake Wheeler (WSH) for Unsportsmanlike conduct (Minor) at 1:34, Brenden Dillon (STL) for Roughing (Minor) at 9:47, Ryan Johansen (STL) for Hooking (Minor) at 12:27

2nd period

No Goal

Penalties :
Clayton Keller (WSH) for Holding Stick (Minor) at 0:05, Darnell Nurse (STL) for Roughing (Minor) at 2:37, Brett Howden (STL) for Roughing (Minor) at 9:15, Brayden McNabb (STL) for Tripping (Minor) at 14:22, Jeff Carter (WSH) for Hooking (Minor) at 16:10

3rd period

3. WASHINGTON , Damon Severson 5 (Victor Hedman 9, Ryan O'Reilly 12) at 3:41 (PP)
4. ST.LOUIS , Tim Schaller 1 (Sam Gagner 2, Brett Howden 2) at 8:13

Penalties :
Kevin Labanc (STL) for Interference (Minor) at 1:45, Brenden Dillon (STL) for Hooking (Minor) at 14:38

Goalie Stats

Carter Hart (WSH), 20 saves from 21 shots - (0.952), W, 3-3-3, 60:00 minutes
Carter Hutton (STL), 25 saves from 28 shots - (0.893), L, 9-13-0, 60:00 minutes

Players Stats for WASHINGTON

Player Name              G  A  P  +/- PIM S  H  SB GA TA FO     MP     PP MP  PK MP  
------------------------------------------------------------------------------------
Blake Wheeler            0  1  1   0  2   5  0  0  0  0  0/0    20:22   7:43   0:29 
Brayden Schenn           0  1  1   0  0   3  3  0  0  0  3/4    19:54   7:43   0:00 
Brendan Gallagher        0  0  0  -1  0   1  1  0  0  0  0/0    16:36   4:35   0:00 
Cal Clutterbuck          0  0  0   0  0   1  0  0  0  0  1/1    12:30   0:33   2:00 
Cale Fleury              0  0  0  -1  0   1  3  1  0  0  0/0    13:56   0:00   0:00 
Casey Cizikas            0  0  0   0  0   0  0  0  0  0  5/5    17:47   4:20   3:30 
Christian Fischer        0  0  0   0  0   0  0  0  0  0  0/0     7:45   0:00   0:16 
Clayton Keller           0  0  0  -1  2   2  0  0  0  0  1/2    16:20   4:20   0:00 
Damon Severson           3  0  3   0  0   5  0  2  0  0  0/0    23:14   7:51   2:34 
Dylan DeMelo             0  0  0   0  0   1  0  1  0  0  0/0    15:59   0:43   2:58 
Jeff Carter              0  0  0   0  2   1  0  0  0  0  4/11   16:30   4:19   0:00 
Jujhar Khaira            0  0  0   0  0   1  1  1  0  0  1/2     7:28   0:10   0:00 
Luke Glendening          0  0  0   0  0   1  0  0  0  0  8/13   11:57   0:00   2:00 
Ryan Graves              0  0  0   0  0   1  1  0  0  0  0/0    22:06   4:30   2:43 
Ryan O'Reilly            0  2  2  -1  0   3  0  2  0  0  25/35  23:17   8:06   2:59 
Sam Bennett              0  0  0   0  0   0  1  0  0  0  3/5     8:09   0:33   0:18 
Victor Hedman            0  2  2   0  0   1  1  1  0  0  0/0    25:35   7:23   2:48 
Victor Mete              0  0  0  -1  0   1  1  0  0  0  0/0    14:35   0:10   0:29 

Players Stats for ST.LOUIS

Player Name              G  A  P  +/- PIM S  H  SB GA TA FO     MP     PP MP  PK MP  
------------------------------------------------------------------------------------
Adam Fox                 0  0  0   0  0   0  0  2  0  0  0/0    16:46   0:00   3:03 
Andy Greene              0  0  0   1  0   3  1  2  0  0  0/0    23:59   2:54   8:03 
Blake Lizotte            0  0  0   0  0   0  0  0  0  0  0/0     0:00   0:00   0:00 
Brayden McNabb           0  0  0   0  2   2  0  0  0  0  0/0    21:33   2:52   4:00 
Brenden Dillon           0  0  0   0  4   2  3  1  0  0  0/0    21:09   2:52   3:26 
Brett Connolly           0  0  0   0  0   0  0  0  0  0  0/1    10:38   0:00   0:00 
Brett Howden             0  1  1   1  2   0  1  0  0  0  4/8     5:43   0:00   0:00 
Carl Soderberg           0  0  0   0  0   3  1  0  0  0  2/8    12:20   0:00   1:42 
Darnell Nurse            0  0  0   1  2   1  2  0  0  0  0/0    22:13   2:54   6:18 
Eric Fehr                0  0  0   0  0   0  0  0  0  0  0/0     0:00   0:00   0:00 
Jaden Schwartz           0  0  0   0  0   2  1  1  0  0  3/6    19:54   2:23   3:50 
James Neal               0  0  0   0  0   0  0  0  0  0  0/0    15:20   3:23   0:33 
Johnny Gaudreau          0  0  0   0  0   3  0  0  0  0  1/15   23:10   3:23   8:12 
Joonas Donskoi           0  0  0   0  0   0  0  0  0  0  0/2    11:03   0:00   0:25 
Kevin Labanc             0  0  0   0  2   2  1  0  0  0  0/1    16:03   2:23   0:00 
Neal Pionk               0  0  0   0  0   0  2  0  0  0  0/0    14:16   0:00   0:22 
Ryan Getzlaf             0  0  0   0  2   0  4  0  0  0  11/20  22:17   3:23   7:20 
Ryan Johansen            0  0  0   0  2   1  3  0  0  0  6/17   19:13   2:23   3:10 
Sam Gagner               0  1  1   1  0   0  1  0  0  0  0/0     5:44   0:00   0:00 
Tim Schaller             1  0  1   1  0   2  0  0  0  0  0/0     5:44   0:00   0:00 

3 Stars

1 - Damon Severson (WSH)
2 - Victor Hedman (WSH)
3 - Carter Hart (WSH)

Power Play

WASHINGTON - 3 on 8 Attempt(s) - 37.50%
ST.LOUIS - 0 on 3 Attempt(s) - 0.00%

Penalty Kill

WASHINGTON - 3 on 3 Attempt(s) - 100.00% - Score 0 goal in Penalty Kill
ST.LOUIS - 5 on 8 Attempt(s) - 62.50% - Score 0 goal in Penalty Kill

Team Stat

WASHINGTON - Hits : 12 - Faceoff Wins : 51 - Blocked Shots : 8 - Penalty Minutes : 6
ST.LOUIS - Hits : 20 - Faceoff Wins : 27 - Blocked Shots : 6 - Penalty Minutes : 16

Official

Referees : Brandon Blandina and Reid Anderson
Linesman : Michel Cormier and Matt MacPherson

Game Notes

Damon Severson has scored a Hat Trick!

Finance

Level 1 -- Attendance: 5976 (99.60%) -- Ticket Income $454,176
Level 2 -- Attendance: 4531 (90.62%) -- Ticket Income $249,205
Level 3 -- Attendance: 1860 (93.00%) -- Ticket Income $65,100
Level 4 -- Attendance: 3545 (88.63%) -- Ticket Income $70,900
Luxury Box -- Attendance: 899 (89.90%) -- Ticket Income $134,850
Game was played at the Scottrade Center.
Total Attendance: 16811 (93.39%)
Total Ticket Income: $974,231
Total Income: $974,231

WASHINGTON

5 vs 5 Forward 
   Center                   Left Wing                Right Wing               Time % Phy DF OF 
 1 Ryan O'Reilly            Clayton Keller           Brendan Gallagher        36     0   2  3  
 2 Jeff Carter              Brayden Schenn           Blake Wheeler            35     1   1  3  
 3 Luke Glendening          Casey Cizikas            Cal Clutterbuck          24     2   2  1  
 4 Sam Bennett              Jujhar Khaira            Christian Fischer        5      2   2  1  

5 vs 5 Defense 
   Defense                  Defense                                           Time % Phy DF OF 
 1 Victor Hedman            Ryan Graves                                       45     0   3  2  
 2 Damon Severson           Dylan DeMelo                                      35     0   3  2  
 3 Victor Mete              Cale Fleury                                       11     0   3  2  
 4 Victor Hedman            Damon Severson                                    9      0   2  3  

PowerPlay Forward 
   Center                   Left Wing                Right Wing               Time % Phy DF OF 
 1 Ryan O'Reilly            Brayden Schenn           Blake Wheeler            70     0   0  5  
 2 Casey Cizikas            Clayton Keller           Jeff Carter              30     0   1  4  

PowerPlay Defense
   Defense                  Defense                                           Time % Phy DF OF 
 1 Victor Hedman            Damon Severson                                    70     0   1  4  
 2 Ryan Graves              Brendan Gallagher                                 30     0   1  4  

Penalty Kill 4 Players Forward 
   Center                   Wing                     Time % Phy DF OF 
 1 Ryan O'Reilly            Casey Cizikas            60     0   5  0  
 2 Luke Glendening          Cal Clutterbuck          40     0   5  0  

Penalty Kill 4 Players Defense
   Defense                  Defense                  Time % Phy DF OF 
 1 Victor Hedman            Ryan Graves              60     0   5  0  
 2 Damon Severson           Dylan DeMelo             40     0   5  0  

Penalty Kill - 3 Players Forward 
   Forward                                           Time % Phy DF OF 
 1 Ryan O'Reilly                                     60     0   5  0  
 2 Luke Glendening                                   40     0   5  0  

Penalty Kill - 3 Players Defense
   Defense                  Defense                  Time % Phy DF OF 
 1 Victor Hedman            Ryan Graves              60     0   5  0  
 2 Damon Severson           Dylan DeMelo             40     0   5  0  

4 vs 4 Forward 
   Center                   Wing                     Time % Phy DF OF 
 1 Ryan O'Reilly            Blake Wheeler            60     0   2  3  
 2 Casey Cizikas            Brayden Schenn           40     0   2  3  

4 vs 4 Defense
   Defense                  Defense                  Time % Phy DF OF 
 1 Victor Hedman            Ryan Graves              60     0   3  2  
 2 Damon Severson           Dylan DeMelo             40     0   3  2  

Last Minutes Offensive
   Center                   Left Wing                Right Wing               Defense                  Defense                  
   Ryan O'Reilly            Brayden Schenn           Blake Wheeler            Victor Hedman            Damon Severson           

Last Minutes Defensive
   Center                   Left Wing                Right Wing               Defense                  Defense                  
   Ryan O'Reilly            Casey Cizikas            Blake Wheeler            Victor Hedman            Ryan Graves              

Goaltenders
Starting : Carter Hart              
Backup : Semyon Varlamov          

Extra Forwards
Normal : Blake Wheeler, Ryan O'Reilly, Brayden Schenn - PP : Sam Bennett, Blake Wheeler - PK : Blake Wheeler
Extra Defensemen
Normal : Damon Severson, Victor Hedman, Ryan Graves - PP : Damon Severson - PK : Damon Severson, Victor Hedman
Penalty Shots
Blake Wheeler, Ryan O'Reilly, Casey Cizikas, Victor Hedman, Brayden Schenn

Scratches
WSH Cap Hit (Suspend), Martin Frk (Healthy)

ST.LOUIS

5 vs 5 Forward 
   Center                   Left Wing                Right Wing               Time % Phy DF OF 
 1 Ryan Getzlaf             Johnny Gaudreau          James Neal               35     1   2  2  
 2 Ryan Johansen            Jaden Schwartz           Kevin Labanc             30     1   2  2  
 3 Carl Soderberg           Joonas Donskoi           Brett Connolly           25     1   2  2  
 4 Brett Howden             Tim Schaller             Sam Gagner               10     1   2  2  

5 vs 5 Defense 
   Defense                  Defense                                           Time % Phy DF OF 
 1 Darnell Nurse            Andy Greene                                       35     1   2  2  
 2 Brayden McNabb           Brenden Dillon                                    30     1   2  2  
 3 Neal Pionk               Adam Fox                                          25     1   2  2  
 4 Darnell Nurse            Andy Greene                                       10     1   2  2  

PowerPlay Forward 
   Center                   Left Wing                Right Wing               Time % Phy DF OF 
 1 Ryan Getzlaf             Johnny Gaudreau          James Neal               60     1   2  2  
 2 Ryan Johansen            Jaden Schwartz           Kevin Labanc             40     1   2  2  

PowerPlay Defense
   Defense                  Defense                                           Time % Phy DF OF 
 1 Darnell Nurse            Andy Greene                                       60     1   2  2  
 2 Brayden McNabb           Brenden Dillon                                    40     1   2  2  

Penalty Kill 4 Players Forward 
   Center                   Wing                     Time % Phy DF OF 
 1 Johnny Gaudreau          Ryan Getzlaf             60     1   2  2  
 2 Jaden Schwartz           Ryan Johansen            40     1   2  2  

Penalty Kill 4 Players Defense
   Defense                  Defense                  Time % Phy DF OF 
 1 Darnell Nurse            Andy Greene              60     1   2  2  
 2 Brayden McNabb           Brenden Dillon           40     1   2  2  

Penalty Kill - 3 Players Forward 
   Forward                                           Time % Phy DF OF 
 1 Johnny Gaudreau                                   60     1   2  2  
 2 Ryan Getzlaf                                      40     1   2  2  

Penalty Kill - 3 Players Defense
   Defense                  Defense                  Time % Phy DF OF 
 1 Darnell Nurse            Andy Greene              60     1   2  2  
 2 Brayden McNabb           Brenden Dillon           40     1   2  2  

4 vs 4 Forward 
   Center                   Wing                     Time % Phy DF OF 
 1 Johnny Gaudreau          Ryan Getzlaf             60     1   2  2  
 2 Jaden Schwartz           Ryan Johansen            40     1   2  2  

4 vs 4 Defense
   Defense                  Defense                  Time % Phy DF OF 
 1 Darnell Nurse            Andy Greene              60     1   2  2  
 2 Brayden McNabb           Brenden Dillon           40     1   2  2  

Last Minutes Offensive
   Center                   Left Wing                Right Wing               Defense                  Defense                  
   Ryan Getzlaf             Johnny Gaudreau          James Neal               Darnell Nurse            Andy Greene              

Last Minutes Defensive
   Center                   Left Wing                Right Wing               Defense                  Defense                  
   Ryan Getzlaf             Johnny Gaudreau          James Neal               Darnell Nurse            Andy Greene              

Goaltenders
Starting : Carter Hutton            
Backup : Elvis Merzlikins         

Extra Forwards
Normal : Eric Fehr, Blake Lizotte, Carl Soderberg - PP : Eric Fehr, Blake Lizotte - PK : Carl Soderberg
Extra Defensemen
Normal : Neal Pionk, Adam Fox, Brayden McNabb - PP : Neal Pionk - PK : Adam Fox, Brayden McNabb
Penalty Shots
Johnny Gaudreau, Ryan Getzlaf, Jaden Schwartz, Ryan Johansen, Carl Soderberg

Scratches
STL Cap Hit (Suspend), Nick Ritchie (Healthy)

% Time on Ice - WASHINGTON

Lines # - Real PCT - Wanted PCT - Time Play
Normal Forward
1 - 29% - 36% - 12:01
2 - 29% - 35% - 12:11
3 - 24% - 24% - 9:57
4 - 18% - 5% - 7:18
Normal Defense
1 - 35% - 45% - 14:42
2 - 29% - 35% - 12:07
3 - 34% - 11% - 13:56
4 - 2% - 9% - 0:42
PP Forward
1 - 66% - 70% - 8:16
2 - 34% - 30% - 4:20
PP Defense
1 - 64% - 70% - 8:01
2 - 36% - 30% - 4:35
PK Forward
1 - 65% - 60% - 3:46
2 - 35% - 40% - 2:00
PK Defense
1 - 49% - 60% - 2:48
2 - 51% - 40% - 2:58
PK3 Forward
1 - 0% - 60%
2 - 0% - 40%
PK3 Defense
1 - 0% - 60%
2 - 0% - 40%
44 Forward
1 - 100% - 60% - 0:11
2 - 0% - 40% - 0:00
44 Defense
1 - 0% - 60% - 0:00
2 - 100% - 40% - 0:11
Last Minute Offensive  - 0:00
Last Minute Defensive  - 0:00
Total
Forward - 60:00
Defense - 60:00

% Time on Ice - ST.LOUIS

Lines # - Real PCT - Wanted PCT - Time Play
Normal Forward
1 - 28% - 35% - 11:24
2 - 33% - 30% - 13:41
3 - 26% - 25% - 10:38
4 - 14% - 10% - 5:44
Normal Defense
1 - 31% - 35% - 13:02
2 - 35% - 30% - 14:42
3 - 33% - 25% - 13:43
4 - 0% - 10% - 0:00
PP Forward
1 - 59% - 60% - 3:23
2 - 41% - 40% - 2:23
PP Defense
1 - 50% - 60% - 2:54
2 - 50% - 40% - 2:52
PK Forward
1 - 70% - 60% - 8:46
2 - 30% - 40% - 3:50
PK Defense
1 - 60% - 60% - 7:37
2 - 40% - 40% - 4:59
PK3 Forward
1 - 0% - 60%
2 - 0% - 40%
PK3 Defense
1 - 0% - 60%
2 - 0% - 40%
44 Forward
1 - 100% - 60% - 0:11
2 - 0% - 40% - 0:00
44 Defense
1 - 0% - 60% - 0:00
2 - 100% - 40% - 0:11
Last Minute Offensive  - 0:00
Last Minute Defensive  - 0:00
Total
Forward - 60:00
Defense - 60:00

Play-by-Play

1st period


0:01 of 1st period - Ryan O'Reilly wins face-off versus Ryan Getzlaf in neutral zone.
0:23 of 1st period - Minor Penalty to Ryan Getzlaf for Hooking.
0:24 of 1st period - Ryan O'Reilly wins face-off versus Johnny Gaudreau in ST.LOUIS zone.
0:51 of 1st period - Shot by Damon Severson.
0:51 of 1st period - Goal by Damon Severson - WASHINGTON : 1 - ST.LOUIS : 0.
0:52 of 1st period - Ryan Johansen wins face-off versus Luke Glendening in neutral zone.
1:31 of 1st period - Off-side.
1:32 of 1st period - Carl Soderberg wins face-off versus Jeff Carter in neutral zone.
1:34 of 1st period - Minor Penalty to Blake Wheeler for Unsportsmanlike conduct.
1:35 of 1st period - Ryan Getzlaf wins face-off versus Ryan O'Reilly in WASHINGTON zone.
1:57 of 1st period - Shot by Andy Greene.
1:57 of 1st period - Stopped by Carter Hart with a rebound.
2:03 of 1st period - Shot by Johnny Gaudreau.
2:03 of 1st period - Shot Misses the Net.
2:13 of 1st period - Shot by Darnell Nurse.
2:13 of 1st period - Stopped by Carter Hart without a rebound.
2:14 of 1st period - Luke Glendening wins face-off versus Ryan Johansen in WASHINGTON zone.
2:29 of 1st period - Shot by Brayden McNabb.
2:29 of 1st period - Stopped by Carter Hart without a rebound.
2:30 of 1st period - Ryan Johansen wins face-off versus Luke Glendening in WASHINGTON zone.
2:43 of 1st period - Casey Cizikas is hit by Ryan Johansen and loses puck.
3:31 of 1st period - Shot by Darnell Nurse.
3:31 of 1st period - Shot Misses the Net.
3:33 of 1st period - Shot by Andy Greene.
3:33 of 1st period - Stopped by Carter Hart with a rebound.
3:35 of 1st period - Shot by Carl Soderberg.
3:35 of 1st period - Stopped by Carter Hart without a rebound.
3:36 of 1st period - Jeff Carter wins face-off versus Carl Soderberg in WASHINGTON zone.
3:48 of 1st period - Icing by Blake Wheeler.
3:49 of 1st period - Brett Howden wins face-off versus Brayden Schenn in WASHINGTON zone.
4:11 of 1st period - Off-side.
4:12 of 1st period - Ryan Getzlaf wins face-off versus Ryan O'Reilly in neutral zone.
4:48 of 1st period - Icing by Brenden Dillon.
4:49 of 1st period - Ryan Getzlaf wins face-off versus Jeff Carter in ST.LOUIS zone.
4:49 of 1st period - Ryan Getzlaf is hit by Brayden Schenn.
5:20 of 1st period - Shot by Blake Wheeler.
5:20 of 1st period - Stopped by Carter Hutton without a rebound.
5:21 of 1st period - Ryan Johansen wins face-off versus Luke Glendening in ST.LOUIS zone.
5:27 of 1st period - Icing by Kevin Labanc.
5:28 of 1st period - Ryan Johansen wins face-off versus Clayton Keller in ST.LOUIS zone.
5:44 of 1st period - Jaden Schwartz is hit by Ryan Graves and loses puck.
7:02 of 1st period - Shot by Brayden Schenn.
7:02 of 1st period - Stopped by Carter Hutton without a rebound.
7:03 of 1st period - Luke Glendening wins face-off versus Ryan Getzlaf in ST.LOUIS zone.
8:14 of 1st period - Shot by Adam Fox.
8:14 of 1st period - Shot Blocked by Jujhar Khaira.
8:57 of 1st period - Ryan Graves is hit by Andy Greene and loses puck.
9:16 of 1st period - Shot by Carl Soderberg.
9:16 of 1st period - Shot Blocked by Ryan O'Reilly.
9:22 of 1st period - Shot by Carl Soderberg.
9:22 of 1st period - Stopped by Carter Hart without a rebound.
9:23 of 1st period - Brayden Schenn wins face-off versus Brett Howden in WASHINGTON zone.
9:23 of 1st period - Brayden Schenn is hit by Sam Gagner.
9:29 of 1st period - Shot by Blake Wheeler.
9:29 of 1st period - Stopped by Carter Hutton with a rebound.
9:40 of 1st period - Shot by Blake Wheeler.
9:40 of 1st period - Shot Misses the Net.
9:47 of 1st period - Minor Penalty to Brenden Dillon for Roughing.
9:48 of 1st period - Ryan O'Reilly wins face-off versus Johnny Gaudreau in ST.LOUIS zone.
10:15 of 1st period - Shot by Damon Severson.
10:15 of 1st period - Goal by Damon Severson - WASHINGTON : 2 - ST.LOUIS : 0.
10:16 of 1st period - Luke Glendening wins face-off versus Ryan Johansen in neutral zone.
10:16 of 1st period - Luke Glendening is hit by Jaden Schwartz.
10:20 of 1st period - Shot by Cal Clutterbuck.
10:20 of 1st period - Shot Blocked by Adam Fox.
10:22 of 1st period - Shot by Cale Fleury.
10:22 of 1st period - Shot Blocked by Adam Fox.
10:24 of 1st period - Shot by Cal Clutterbuck.
10:24 of 1st period - Stopped by Carter Hutton with a rebound.
10:26 of 1st period - Shot by Luke Glendening.
10:26 of 1st period - Stopped by Carter Hutton without a rebound.
10:27 of 1st period - Sam Bennett wins face-off versus Carl Soderberg in ST.LOUIS zone.
11:58 of 1st period - Shot by Johnny Gaudreau.
11:58 of 1st period - Stopped by Carter Hart without a rebound.
11:59 of 1st period - Jeff Carter wins face-off versus Ryan Johansen in WASHINGTON zone.
12:26 of 1st period - Shot by Ryan Johansen.
12:26 of 1st period - Shot Misses the Net.
12:27 of 1st period - Minor Penalty to Ryan Johansen for Hooking.
12:28 of 1st period - Ryan O'Reilly wins face-off versus Johnny Gaudreau in ST.LOUIS zone.
12:34 of 1st period - Blake Wheeler is hit by Darnell Nurse and loses puck.
12:43 of 1st period - Shot by Blake Wheeler.
12:43 of 1st period - Stopped by Carter Hutton without a rebound.
12:44 of 1st period - Casey Cizikas wins face-off versus Johnny Gaudreau in ST.LOUIS zone.
13:39 of 1st period - Shot by Ryan O'Reilly.
13:39 of 1st period - Shot Misses the Net.
13:41 of 1st period - Shot by Victor Hedman.
13:41 of 1st period - Stopped by Carter Hutton without a rebound.
13:42 of 1st period - Ryan O'Reilly wins face-off versus Jaden Schwartz in ST.LOUIS zone.
13:59 of 1st period - Shot by Blake Wheeler.
13:59 of 1st period - Shot Blocked by Jaden Schwartz.
14:59 of 1st period - Shot by Sam Gagner.
14:59 of 1st period - Deflect By Brett Howden.
14:59 of 1st period - Shot Misses the Net.
15:01 of 1st period - Shot by Brett Howden.
15:01 of 1st period - Shot Misses the Net.
15:03 of 1st period - Shot by Brett Howden.
15:03 of 1st period - Shot Misses the Net.
15:20 of 1st period - Icing by Cale Fleury.
15:21 of 1st period - Sam Bennett wins face-off versus Ryan Johansen in WASHINGTON zone.
15:21 of 1st period - Sam Bennett is hit by Kevin Labanc.
15:52 of 1st period - Shot by Jaden Schwartz.
15:52 of 1st period - Shot Blocked by Damon Severson.
16:10 of 1st period - Shot by Brayden McNabb.
16:10 of 1st period - Shot Misses the Net.
16:12 of 1st period - Shot by Brayden McNabb.
16:12 of 1st period - Shot Blocked by Dylan DeMelo.
16:14 of 1st period - Shot by Brenden Dillon.
16:14 of 1st period - Stopped by Carter Hart without a rebound.
16:15 of 1st period - Ryan O'Reilly wins face-off versus Carl Soderberg in WASHINGTON zone.
17:43 of 1st period - Damon Severson is hit by Ryan Getzlaf and loses puck.
18:59 of 1st period - Brett Howden is hit by Victor Mete and loses puck.
19:06 of 1st period - Shot by Tim Schaller.
19:06 of 1st period - Stopped by Carter Hart without a rebound.
19:07 of 1st period - Ryan O'Reilly wins face-off versus Joonas Donskoi in WASHINGTON zone.
19:45 of 1st period - Icing by Victor Hedman.
19:46 of 1st period - Ryan Getzlaf wins face-off versus Ryan O'Reilly in WASHINGTON zone.
Goals for this period are 2 for WASHINGTON vs 0 for ST.LOUIS.
Shots for this period are 9 for WASHINGTON vs 9 for ST.LOUIS.

2nd period


0:01 of 2nd period - Ryan Getzlaf wins face-off versus Ryan O'Reilly in neutral zone.
0:05 of 2nd period - Minor Penalty to Clayton Keller for Holding Stick.
0:06 of 2nd period - Ryan O'Reilly wins face-off versus Ryan Getzlaf in WASHINGTON zone.
0:14 of 2nd period - Shot by Darnell Nurse.
0:14 of 2nd period - Shot Blocked by Ryan O'Reilly.
0:16 of 2nd period - Shot by Johnny Gaudreau.
0:16 of 2nd period - Shot Misses the Net.
0:27 of 2nd period - Off-side.
0:28 of 2nd period - Ryan O'Reilly wins face-off versus Ryan Johansen in neutral zone.
0:37 of 2nd period - Shot by Brayden McNabb.
0:37 of 2nd period - Deflect By Jaden Schwartz.
0:37 of 2nd period - Shot Misses the Net.
0:39 of 2nd period - Shot by Jaden Schwartz.
0:39 of 2nd period - Deflect By Ryan Johansen.
0:39 of 2nd period - Shot Misses the Net.
0:49 of 2nd period - Shot by Jaden Schwartz.
0:49 of 2nd period - Stopped by Carter Hart without a rebound.
0:50 of 2nd period - Ryan O'Reilly wins face-off versus Ryan Getzlaf in WASHINGTON zone.
1:13 of 2nd period - Shot by Andy Greene.
1:13 of 2nd period - Shot Misses the Net.
1:15 of 2nd period - Shot by Darnell Nurse.
1:15 of 2nd period - Shot Misses the Net.
1:17 of 2nd period - Shot by Johnny Gaudreau.
1:17 of 2nd period - Shot Misses the Net.
1:19 of 2nd period - Shot by Darnell Nurse.
1:19 of 2nd period - Deflect By James Neal.
1:19 of 2nd period - Shot Misses the Net.
2:03 of 2nd period - Shot by Kevin Labanc.
2:03 of 2nd period - Stopped by Carter Hart without a rebound.
2:04 of 2nd period - Ryan O'Reilly wins face-off versus Jaden Schwartz in WASHINGTON zone.
2:11 of 2nd period - Icing by Blake Wheeler.
2:12 of 2nd period - Jeff Carter wins face-off versus Joonas Donskoi in WASHINGTON zone.
2:34 of 2nd period - Shot by Blake Wheeler.
2:34 of 2nd period - Shot Misses the Net.
2:36 of 2nd period - Shot by Cale Fleury.
2:36 of 2nd period - Stopped by Carter Hutton without a rebound.
2:37 of 2nd period - Ryan O'Reilly wins face-off versus Ryan Getzlaf in ST.LOUIS zone.
2:37 of 2nd period - Minor Penalty to Darnell Nurse for Roughing.
2:38 of 2nd period - Johnny Gaudreau wins face-off versus Ryan O'Reilly in ST.LOUIS zone.
2:38 of 2nd period - Johnny Gaudreau is hit by Brayden Schenn.
2:48 of 2nd period - Shot by Ryan O'Reilly.
2:48 of 2nd period - Stopped by Carter Hutton without a rebound.
2:49 of 2nd period - Casey Cizikas wins face-off versus Johnny Gaudreau in ST.LOUIS zone.
2:50 of 2nd period - Shot by Jeff Carter.
2:50 of 2nd period - Stopped by Carter Hutton without a rebound.
2:51 of 2nd period - Ryan O'Reilly wins face-off versus Johnny Gaudreau in ST.LOUIS zone.
3:14 of 2nd period - Shot by Brayden Schenn.
3:14 of 2nd period - Stopped by Carter Hutton without a rebound.
3:15 of 2nd period - Casey Cizikas wins face-off versus Johnny Gaudreau in ST.LOUIS zone.
3:24 of 2nd period - Shot by Casey Cizikas.
3:24 of 2nd period - Shot Misses the Net.
3:26 of 2nd period - Shot by Clayton Keller.
3:26 of 2nd period - Shot Misses the Net.
3:28 of 2nd period - Shot by Ryan Graves.
3:28 of 2nd period - Shot Misses the Net.
3:30 of 2nd period - Shot by Ryan Graves.
3:30 of 2nd period - Stopped by Carter Hutton without a rebound.
3:31 of 2nd period - Brayden Schenn wins face-off versus Jaden Schwartz in ST.LOUIS zone.
4:33 of 2nd period - Off-side.
4:34 of 2nd period - Casey Cizikas wins face-off versus Johnny Gaudreau in neutral zone.
4:38 of 2nd period - Shot by Victor Mete.
4:38 of 2nd period - Stopped by Carter Hutton without a rebound.
4:39 of 2nd period - Luke Glendening wins face-off versus Carl Soderberg in ST.LOUIS zone.
4:57 of 2nd period - Icing by Cale Fleury.
4:58 of 2nd period - Ryan Getzlaf wins face-off versus Luke Glendening in WASHINGTON zone.
4:59 of 2nd period - Shot by Johnny Gaudreau.
4:59 of 2nd period - Deflect By James Neal.
4:59 of 2nd period - Shot Misses the Net.
5:01 of 2nd period - Shot by Neal Pionk.
5:01 of 2nd period - Shot Blocked by Cale Fleury.
5:03 of 2nd period - Shot by Neal Pionk.
5:03 of 2nd period - Shot Misses the Net.
5:19 of 2nd period - Icing by Luke Glendening.
5:20 of 2nd period - Cal Clutterbuck wins face-off versus Ryan Johansen in WASHINGTON zone.
6:57 of 2nd period - Shot by Clayton Keller.
6:57 of 2nd period - Shot Misses the Net.
7:07 of 2nd period - Shot by Clayton Keller.
7:07 of 2nd period - Shot Misses the Net.
9:15 of 2nd period - Minor Penalty to Brett Howden for Roughing.
9:16 of 2nd period - Carl Soderberg wins face-off versus Ryan O'Reilly in ST.LOUIS zone.
10:40 of 2nd period - Andy Greene is hit by Sam Bennett and loses puck.
11:11 of 2nd period - Shot by Brayden Schenn.
11:11 of 2nd period - Stopped by Carter Hutton without a rebound.
11:12 of 2nd period - Jaden Schwartz wins face-off versus Ryan O'Reilly in ST.LOUIS zone.
11:20 of 2nd period - Victor Mete is hit by Neal Pionk and loses puck.
11:24 of 2nd period - Icing by Adam Fox.
11:25 of 2nd period - Brett Howden wins face-off versus Sam Bennett in ST.LOUIS zone.
11:25 of 2nd period - Neal Pionk is hit by Jujhar Khaira and loses puck.
12:13 of 2nd period - Victor Mete is hit by Ryan Johansen and loses puck.
12:31 of 2nd period - Shot by Jaden Schwartz.
12:31 of 2nd period - Shot Misses the Net.
12:37 of 2nd period - Brayden McNabb is hit by Brendan Gallagher and loses puck.
12:42 of 2nd period - Shot by Clayton Keller.
12:42 of 2nd period - Stopped by Carter Hutton without a rebound.
12:43 of 2nd period - Ryan Getzlaf wins face-off versus Jeff Carter in ST.LOUIS zone.
13:50 of 2nd period - Shot by Brett Connolly.
13:50 of 2nd period - Deflect By Carl Soderberg.
13:50 of 2nd period - Stopped by Carter Hart without a rebound.
13:51 of 2nd period - Ryan O'Reilly wins face-off versus Ryan Johansen in WASHINGTON zone.
13:53 of 2nd period - Icing by Clayton Keller.
13:54 of 2nd period - Ryan O'Reilly wins face-off versus Ryan Johansen in WASHINGTON zone.
13:56 of 2nd period - Clayton Keller is hit by Ryan Johansen and loses puck.
14:15 of 2nd period - Shot by Brenden Dillon.
14:15 of 2nd period - Stopped by Carter Hart with a rebound.
14:22 of 2nd period - Minor Penalty to Brayden McNabb for Tripping.
14:23 of 2nd period - Casey Cizikas wins face-off versus Johnny Gaudreau in ST.LOUIS zone.
14:39 of 2nd period - Shot by Casey Cizikas.
14:39 of 2nd period - Shot Misses the Net.
15:01 of 2nd period - Brayden Schenn is hit by Ryan Getzlaf.
15:15 of 2nd period - Shot by Blake Wheeler.
15:15 of 2nd period - Shot Misses the Net.
15:17 of 2nd period - Shot by Brendan Gallagher.
15:17 of 2nd period - Shot Misses the Net.
15:19 of 2nd period - Shot by Ryan O'Reilly.
15:19 of 2nd period - Stopped by Carter Hutton without a rebound.
15:20 of 2nd period - Jaden Schwartz wins face-off versus Ryan O'Reilly in ST.LOUIS zone.
15:35 of 2nd period - Shot by Damon Severson.
15:35 of 2nd period - Stopped by Carter Hutton with a rebound.
16:10 of 2nd period - Minor Penalty to Jeff Carter for Hooking.
16:11 of 2nd period - Ryan O'Reilly wins face-off versus Johnny Gaudreau in WASHINGTON zone.
16:39 of 2nd period - Shot by Kevin Labanc.
16:39 of 2nd period - Stopped by Carter Hart without a rebound.
16:40 of 2nd period - Ryan O'Reilly wins face-off versus Ryan Getzlaf in WASHINGTON zone.
18:09 of 2nd period - Shot by Jaden Schwartz.
18:09 of 2nd period - Stopped by Carter Hart without a rebound.
18:10 of 2nd period - Sam Bennett wins face-off versus Carl Soderberg in WASHINGTON zone.
18:34 of 2nd period - Shot by Jujhar Khaira.
18:34 of 2nd period - Stopped by Carter Hutton without a rebound.
18:35 of 2nd period - Jeff Carter wins face-off versus Ryan Johansen in ST.LOUIS zone.
18:42 of 2nd period - Shot by Brayden Schenn.
18:42 of 2nd period - Shot Blocked by Andy Greene.
18:44 of 2nd period - Shot by Dylan DeMelo.
18:44 of 2nd period - Stopped by Carter Hutton with a rebound.
18:46 of 2nd period - Shot by Damon Severson.
18:46 of 2nd period - Stopped by Carter Hutton without a rebound.
18:47 of 2nd period - Ryan O'Reilly wins face-off versus Brett Howden in ST.LOUIS zone.
18:47 of 2nd period - Ryan O'Reilly is hit by Darnell Nurse.
19:06 of 2nd period - Victor Hedman is hit by Brett Howden and loses puck.
19:13 of 2nd period - Shot by Ryan O'Reilly.
19:13 of 2nd period - Shot Misses the Net.
19:15 of 2nd period - Shot by Ryan Graves.
19:15 of 2nd period - Shot Misses the Net.
19:17 of 2nd period - Shot by Brendan Gallagher.
19:17 of 2nd period - Stopped by Carter Hutton with a rebound.
19:19 of 2nd period - Shot by Clayton Keller.
19:19 of 2nd period - Shot Misses the Net.
19:49 of 2nd period - Shot by Blake Wheeler.
19:49 of 2nd period - Stopped by Carter Hutton without a rebound.
19:50 of 2nd period - Luke Glendening wins face-off versus Ryan Johansen in ST.LOUIS zone.
19:50 of 2nd period - Victor Mete is hit by Neal Pionk and loses puck.
Goals for this period are 0 for WASHINGTON vs 0 for ST.LOUIS.
Shots for this period are 15 for WASHINGTON vs 6 for ST.LOUIS.

3rd period


0:01 of 3rd period - Ryan O'Reilly wins face-off versus Ryan Getzlaf in neutral zone.
0:26 of 3rd period - Shot by Clayton Keller.
0:26 of 3rd period - Stopped by Carter Hutton without a rebound.
0:27 of 3rd period - Ryan Johansen wins face-off versus Jeff Carter in ST.LOUIS zone.
0:34 of 3rd period - Shot by Jaden Schwartz.
0:34 of 3rd period - Shot Blocked by Damon Severson.
1:09 of 3rd period - Blake Wheeler is hit by Brenden Dillon.
1:16 of 3rd period - Icing by Brenden Dillon.
1:17 of 3rd period - Ryan O'Reilly wins face-off versus Ryan Johansen in ST.LOUIS zone.
1:29 of 3rd period - Brendan Gallagher is hit by Brenden Dillon and loses puck.
1:43 of 3rd period - Jaden Schwartz is hit by Victor Hedman and loses puck.
1:45 of 3rd period - Minor Penalty to Kevin Labanc for Interference.
1:46 of 3rd period - Ryan O'Reilly wins face-off versus Johnny Gaudreau in ST.LOUIS zone.
2:22 of 3rd period - Icing by Blake Wheeler.
2:23 of 3rd period - Ryan O'Reilly wins face-off versus Johnny Gaudreau in WASHINGTON zone.
3:33 of 3rd period - Shot by Victor Hedman.
3:33 of 3rd period - Shot Misses the Net.
3:35 of 3rd period - Shot by Ryan O'Reilly.
3:35 of 3rd period - Shot Misses the Net.
3:37 of 3rd period - Shot by Ryan O'Reilly.
3:37 of 3rd period - Shot Misses the Net.
3:41 of 3rd period - Shot by Damon Severson.
3:41 of 3rd period - Goal by Damon Severson - WASHINGTON : 3 - ST.LOUIS : 0.
3:42 of 3rd period - Jujhar Khaira wins face-off versus Carl Soderberg in neutral zone.
4:00 of 3rd period - Shot by Victor Mete.
4:00 of 3rd period - Shot Misses the Net.
4:02 of 3rd period - Shot by Victor Mete.
4:02 of 3rd period - Shot Misses the Net.
4:17 of 3rd period - Icing by Victor Mete.
4:18 of 3rd period - Brett Howden wins face-off versus Jujhar Khaira in WASHINGTON zone.
4:45 of 3rd period - Tim Schaller is hit by Cale Fleury.
5:42 of 3rd period - Shot by Luke Glendening.
5:42 of 3rd period - Shot Blocked by Andy Greene.
6:14 of 3rd period - Damon Severson is hit by Ryan Getzlaf and loses puck.
7:14 of 3rd period - Icing by Neal Pionk.
7:15 of 3rd period - Luke Glendening wins face-off versus Ryan Getzlaf in ST.LOUIS zone.
7:36 of 3rd period - Luke Glendening is hit by Carl Soderberg and loses puck.
7:48 of 3rd period - Icing by Dylan DeMelo.
7:49 of 3rd period - Luke Glendening wins face-off versus Brett Howden in WASHINGTON zone.
8:13 of 3rd period - Shot by Sam Gagner.
8:13 of 3rd period - Deflect By Tim Schaller.
8:13 of 3rd period - Goal by Tim Schaller - WASHINGTON : 3 - ST.LOUIS : 1.
8:14 of 3rd period - Jaden Schwartz wins face-off versus Jeff Carter in neutral zone.
8:25 of 3rd period - Shot by Kevin Labanc.
8:25 of 3rd period - Shot Misses the Net.
8:31 of 3rd period - Brenden Dillon is hit by Brayden Schenn and loses puck.
9:02 of 3rd period - Jaden Schwartz is hit by Cale Fleury and loses puck.
9:08 of 3rd period - Clayton Keller is hit by Brenden Dillon and loses puck.
9:11 of 3rd period - Shot by Ryan O'Reilly.
9:11 of 3rd period - Shot Misses the Net.
9:13 of 3rd period - Shot by Ryan O'Reilly.
9:13 of 3rd period - Shot Blocked by Brenden Dillon.
9:15 of 3rd period - Shot by Victor Mete.
9:15 of 3rd period - Shot Misses the Net.
9:17 of 3rd period - Shot by Ryan O'Reilly.
9:17 of 3rd period - Stopped by Carter Hutton without a rebound.
9:18 of 3rd period - Luke Glendening wins face-off versus Ryan Getzlaf in ST.LOUIS zone.
9:31 of 3rd period - Damon Severson is hit by Ryan Getzlaf.
11:52 of 3rd period - Shot by Ryan Johansen.
11:52 of 3rd period - Stopped by Carter Hart without a rebound.
11:53 of 3rd period - Ryan Getzlaf wins face-off versus Sam Bennett in WASHINGTON zone.
12:08 of 3rd period - Shot by Johnny Gaudreau.
12:08 of 3rd period - Stopped by Carter Hart without a rebound.
12:09 of 3rd period - Clayton Keller wins face-off versus Kevin Labanc in WASHINGTON zone.
13:08 of 3rd period - Icing by Ryan Graves.
13:09 of 3rd period - Ryan Getzlaf wins face-off versus Luke Glendening in WASHINGTON zone.
13:20 of 3rd period - Shot by Ryan Getzlaf.
13:20 of 3rd period - Shot Misses the Net.
13:38 of 3rd period - Shot by Johnny Gaudreau.
13:38 of 3rd period - Stopped by Carter Hart without a rebound.
13:39 of 3rd period - Brett Howden wins face-off versus Jeff Carter in WASHINGTON zone.
14:01 of 3rd period - Icing by Cale Fleury.
14:02 of 3rd period - Brayden Schenn wins face-off versus Brett Connolly in WASHINGTON zone.
14:17 of 3rd period - Shot by Blake Wheeler.
14:17 of 3rd period - Stopped by Carter Hutton without a rebound.
14:18 of 3rd period - Ryan Getzlaf wins face-off versus Ryan O'Reilly in ST.LOUIS zone.
14:31 of 3rd period - Shot by Brayden McNabb.
14:31 of 3rd period - Stopped by Carter Hart with a rebound.
14:38 of 3rd period - Minor Penalty to Brenden Dillon for Hooking.
14:39 of 3rd period - Ryan O'Reilly wins face-off versus Johnny Gaudreau in ST.LOUIS zone.
16:01 of 3rd period - Shot by Clayton Keller.
16:01 of 3rd period - Shot Misses the Net.
16:16 of 3rd period - Icing by Damon Severson.
16:17 of 3rd period - Ryan O'Reilly wins face-off versus Johnny Gaudreau in WASHINGTON zone.
17:05 of 3rd period - Neal Pionk is hit by Cale Fleury and loses puck.
17:53 of 3rd period - Off-side.
17:54 of 3rd period - Ryan O'Reilly wins face-off versus Brett Howden in neutral zone.
18:00 of 3rd period - Off-side.
18:01 of 3rd period - Ryan Getzlaf wins face-off versus Jeff Carter in neutral zone.
18:08 of 3rd period - Shot by Johnny Gaudreau.
18:08 of 3rd period - Shot Blocked by Victor Hedman.
18:10 of 3rd period - Shot by Andy Greene.
18:10 of 3rd period - Stopped by Carter Hart without a rebound.
18:11 of 3rd period - Ryan Johansen wins face-off versus Ryan O'Reilly in WASHINGTON zone.
19:48 of 3rd period - Shot by Ryan Getzlaf.
19:48 of 3rd period - Shot Misses the Net.
Goals for this period are 1 for WASHINGTON vs 1 for ST.LOUIS.
Shots for this period are 4 for WASHINGTON vs 6 for ST.LOUIS.